 Dungeon Crawl Stone Soup version 0.23-a0-8-gb809bb70e4 (webtiles) character file.

627 IcyTea the Firebug (level 7, -3/50 HPs)
             Began as a White Draconian Fire Elementalist on Aug 1, 2018.
             Was a Believer of Ru.
             Slain by an orc warrior
             ... wielding a +0 long sword
              (10 damage)
             ... on level 6 of the Dungeon.
             The game lasted 00:18:43 (4622 turns).

IcyTea the Firebug (DrFE)                           Turns: 4622, Time: 00:18:43

Health: -3/50      AC: 10    Str: 10    XL:     7   Next: 23%
Magic:  0/11       EV: 11    Int: 22    God:    Ru [**....]
Gold:   245        SH:  4    Dex: 11    Spells: 3/12 levels left

rFire    . . .     SeeInvis .   o - +0 flail
rCold    + . .     Gourm    .   k - +0 buckler
rNeg     . . .     Faith    .   (armour unavailable)
rPois    .         Spirit   .   (helmet restricted)
rElec    .         Reflect  .   c - +2 cloak
rCorr    .         Harm     .   f - +0 pair of gloves
MR       .....                  (no boots)
Stlth    ++........             (no amulet)
HPRegen  0.16/turn              d - +4 ring of intelligence
MPRegen  0.12/turn              p - ring of wizardry

@: flying, hasted, very quick
A: breathe frost, unfitting armour, cold resistance 1, cold-blooded, inability
to train dodging, AC +6
a: Breathe Frost, Renounce Religion


You were on level 6 of the Dungeon.
You worshipped Ru.
Ru was pleased with you.
You were hungry.

You visited 1 branch of the dungeon, and saw 6 of its levels.

You collected 245 gold pieces.

Inventory:

Hand Weapons
 o - a +0 flail (weapon)
Armour
 c - a +2 cloak (worn)
 f - a +0 pair of gloves (worn)
 k - a +0 buckler (worn)
Jewellery
 d - a +4 ring of intelligence (left hand)
 h - an uncursed ring of ice
 p - a ring of wizardry (right hand)
Wands
 m - a wand of random effects (36)
Scrolls
 a - a scroll of teleportation
 i - 5 scrolls of identify
Potions
 g - a potion of heal wounds
Comestibles
 b - 11 rations


   Skills:
 - Level 1.7 Stealth
 - Level 4.1 Shields
 + Level 3.3 Spellcasting
 - Level 4.1 Conjurations
 - Level 4.1 Fire Magic


You had 3 spell levels left.
You knew the following spells:

 Your Spells              Type           Power        Failure   Level  Hunger
a - Flame Tongue          Conj/Fire      ###..        1%          1    None
b - Conjure Flame         Conj/Fire      ###.....     2%          3    ###....
c - Fireball              Conj/Fire      ###.......   24%         5    ######.

Your spell library contained the following spells:

 Spells                   Type           Power        Failure   Level  Hunger
 Throw Flame              Conj/Fire      ###...       1%          2    ##.....
 Sticky Flame             Conj/Fire      ###.....     9%          4    ####...
 Inner Flame              Hex/Fire       ##......     6%          3    ###....


Dungeon Overview and Level Annotations

Branches:
Dungeon (6/15)
 Temple: D:4-7

Altars:
Ashenzari
Elyvilon
Fedhas
Qazlal
Ru
Uskayaw


Innate Abilities, Weirdness & Mutations

You can breathe waves of freezing cold.
You can buffet flying creatures when you breathe cold.
Your icy white scales are hard. (AC +6)
You cannot fit into any form of body armour.
Your flesh is cold resistant. (rC+)
You are cold-blooded and may be slowed by cold attacks.
You cannot train Dodging skill.


Message History

You hit the orc warrior but do no damage.
The orc warrior is almost dead.
The orc warrior hits you with a long sword!
* * * LOW HITPOINT WARNING * * *
You focus your will and slow the orc warrior in retribution!
You barely miss the orc warrior.
The orc warrior is almost dead.
Evoke which item? (* to show all) (? for menu, Esc to quit)
Aiming: Random Effects
Press: ? - help, Shift-Dir - straight line, f/p - orc warrior
Aim: an orc warrior, wielding a long sword and wearing a plate armour (almost dead, slow)
The orc warrior resists with some effort.
You hear a distant blaring wail to the northwest.
Evoke which item? (* to show all) (? for menu, Esc to quit)
Aiming: Random Effects
Press: ? - help, Shift-Dir - straight line, f/p - orc warrior
Aim: an orc warrior, wielding a long sword and wearing a plate armour (almost dead, slow)
The puff of flame misses the orc warrior.
The orc warrior hits you with a long sword!
You die... ########## .....[.o@# ##########

You could see an orc warrior.

Vanquished Creatures
  2 ogres
  A crimson imp (D:4)
  A hound (D:5)
  Crazy Yiuf (D:4)
  An orc wizard (D:5)
  Jessica (D:3)
  A bullfrog skeleton (D:4)
  An iguana (D:5)
  Ijyb (D:4)
  6 gnolls
  6 adders
  2 shadow imps (D:5)
  2 oozes
  A worm (D:4)
  2 dart slugs (D:1)
  3 leopard geckos
  10 orcs
  13 bats
  4 giant cockroaches
  4 goblins
  7 hobgoblins
  4 jackals (D:3)
  4 kobolds
  A quokka (D:5)
  2 ball pythons (D:2)
  4 frilled lizards
  2 leopard gecko skeletons (D:4)
  8 rats
  A fungus (D:4)
96 creatures vanquished.

Notes
Turn   | Place    | Note
-------+----------+-------------------------------------------
     0 | D:1      | IcyTea the Draconian Fire Elementalist began the quest for the Orb.
     0 | D:1      | Reached XP level 1. HP: 14/14 MP: 3/3
   186 | D:1      | Reached XP level 2. HP: 10/20 MP: 0/5
   738 | D:1      | Reached XP level 3. HP: 20/26 MP: 6/6
  1331 | D:2      | Found a sacrificial altar of Ru.
  1339 | D:2      | Became a worshipper of Ru the Awakened
  1612 | D:2      | Reached XP level 4. HP: 25/33 MP: 0/7
  1617 | D:2      | Learned a level 3 spell: Conjure Flame
  1913 | D:3      | Found a white marble altar of Elyvilon.
  1953 | D:3      | Reached skill level 5 in Fire Magic
  2021 | D:3      | Found a shattered altar of Ashenzari.
  2256 | D:3      | Noticed Jessica
  2259 | D:3      | Killed Jessica
  2437 | D:3      | Found a hide-covered altar of Uskayaw.
  2532 | D:3      | Reached XP level 5. HP: 33/38 MP: 4/8
  2673 | D:3      | Gained mutation: You cannot train Dodging skill. [Ru sacrifice]
  2673 | D:3      | Reached * piety under Ru
  2673 | D:3      | Reached ** piety under Ru
  2919 | D:4      | Found a runed door.
  2923 | D:4      | Noticed Crazy Yiuf
  2930 | D:4      | Killed Crazy Yiuf
  2930 | D:4      | Reached skill level 1 in Shields
  3062 | D:4      | Noticed Ijyb
  3071 | D:4      | Killed Ijyb
  3103 | D:4      | Found a white marble altar of Elyvilon.
  3223 | D:4      | Noticed an ogre
  3342 | D:4      | Killed an ogre
  3342 | D:4      | Reached XP level 6. HP: 15/45 MP: 0/9
  3571 | D:4      | Found a blossoming altar of Fedhas.
  3646 | D:4      | Learned a level 5 spell: Fireball
  3865 | D:5      | Entered Level 5 of the Dungeon
  4047 | D:5      | Found a stormy altar of Qazlal.
  4479 | D:5      | Noticed an orc warrior
  4500 | D:5      | Your scales start taking on an icy white colour.
  4500 | D:5      | Reached XP level 7. HP: 49/50 MP: 3/11
  4500 | D:5      | Gained mutation: Your flesh is cold resistant. (rC+) [White Draconian growth]
  4622 | D:6      | Slain by an orc warrior

Vault maps used:
D:1:      mrwooster_arrival_statue_2
D:2:      first_ration, minmay_misc_feat_alley, nicolae_ru_sacrificial_ziggurat
D:3:      lemuel_coloured_pillars_altar, nicolae_ashenzari_panopticon,
          hex_medium, elyvilon_altar_5, uniq_jessica
D:4:      wad_pebble_path, kennysheep_mini_moat, fedhas_altar_3,
          uniq_crazy_yiuf_cottage, uniq_ijyb
D:5:      minitemple, nicolae_qazlal_general_emergency
D:6:      vehumet_statue, st_stairs_3

Skill      XL: |  1  2  3  4  5  6 |
---------------+-------------------+-----
Fire Magic     | 4 5 4 |  4.1
Conjurations   | 2 3 4 |  4.1
Dodging        | 0 |  0.0
Shields        | 3 4 |  4.1
Spellcasting   | 3 |  3.3
Stealth        | |  1.7

Action                   |  1- 3 |  4- 6 |  7- 9 || total
-------------------------+-------+-------+-------++-------
Melee: Mace              |    97 |   112 |       ||   209
       Tailslap          |     5 |    12 |     1 ||    18
       Flail             |       |    44 |    12 ||    56
 Cast: Flame Tongue      |    25 |    79 |    18 ||   122
       Conjure Flame     |       |     6 |       ||     6
Invok: Sacrifice Nimblen |       |     1 |       ||     1
 Abil: Breathe Frost     |       |       |     2 ||     2
Evoke: Wand              |       |       |     2 ||     2
  Use: Scroll            |     5 |     5 |       ||    10
       Potion            |     5 |       |     2 ||     7
 Stab: Sleeping          |     4 |     2 |     1 ||     7
  Eat: Chunk             |     2 |    11 |       ||    13
Armor: Skin              |    60 |    75 |     6 ||   141
Dodge: Dodged            |   122 |   116 |    12 ||   250
Block: Buckler           |       |    20 |     8 ||    28

Table legend:
 A = Spawn XP
 B = Non-spawn XP
 C = Spawn XP percentage of total XP
 D = Spawn monster count
 E = Non-spawn monster count
 F = Spawn count percentage of total count
 G = Total turns spent on level
                    A         B        C        D         E        F      G
               +---------+---------+-------+---------+---------+-------+---------
         Total |       0 |     896 |   0.0 |       0 |      95 |   0.0 |  4622
               +---------+---------+-------+---------+---------+-------+---------
           D:1 |       0 |      60 |   0.0 |       0 |      30 |   0.0 |  1063
           D:2 |       0 |      40 |   0.0 |       0 |      11 |   0.0 |   808
           D:3 |       0 |     141 |   0.0 |       0 |      23 |   0.0 |   935
           D:4 |       0 |     288 |   0.0 |       0 |       9 |   0.0 |  1059
           D:5 |       0 |     318 |   0.0 |       0 |      17 |   0.0 |   653
           D:6 |       0 |      49 |   0.0 |       0 |       5 |   0.0 |   104
               +---------+---------+-------+---------+---------+-------+---------
